 Dungeon Crawl Stone Soup version 0.30-a0-757-ga6a79fd877 (webtiles) character file.

Game seed: 14532750264856617295

25 MachoJfn the Ducker (level 2, -3/22 HPs)
             Began as a Demonspawn Gladiator on Feb 9, 2023.
             Was a Follower of Wu Jian.
             Slain by a gnoll
             ... wielding a +0 whip
              (7 damage)
             ... on level 2 of the Dungeon.
             The game lasted 00:02:57 (886 turns).

MachoJfn the Ducker (Demonspawn Gladiator)           Turns: 886, Time: 00:02:58

Health: -3/22      AC:  9    Str: 14    XL:     2   Next: 86%
Magic:  2/2        EV: 12    Int:  9    God:    Wu Jian [*.....]
Gold:   76         SH:  0    Dex: 14    Spells: 1/1 levels left

rFire   . . .      SeeInvis .    a - +0 war axe
rCold   . . .      Faith    .    (no shield)
rNeg    . . .      Spirit   .    b - +0 leather armour
rPois   .          Reflect  .    c - +0 helmet
rElec   .          Harm     .    (no cloak)
rCorr   .          Rampage  .    m - +0 pair of gloves {hurl}
Will    .....                    (no boots)
Stlth   +                        (no amulet)
HPRegen 0.23/turn                k - +4 ring of protection
MPRegen 0.08/turn                (no ring)

@: no status effects
A: foul stench 1
a: Renounce Religion


You were on level 2 of the Dungeon.
You worshipped Wu Jian.
Wu Jian was aware of your devotion.
You visited 1 branch of the dungeon, and saw 2 of its levels.

You collected 76 gold pieces.

Inventory:

Hand Weapons
 a - a +0 war axe (weapon)
Missiles
 d - 3 throwing nets (quivered)
 e - a javelin
 h - 5 poisoned darts
Armour
 b - a +0 leather armour (worn)
 c - a +0 helmet (worn)
 m - a +0 pair of gloves of hurling (worn)
Jewellery
 k - a +4 ring of protection (left hand)
Wands
 l - a wand of roots (13)
Scrolls
 f - 2 scrolls of identify {unknown}
 g - a scroll of fog {unknown}
 i - 2 scrolls of teleportation {unknown}
 j - a scroll of immolation {unknown}


   Skills:
 + Level 2.2 Fighting
 + Level 3.0 Axes
 + Level 2.0 Throwing
 + Level 0.7 Armour
 + Level 3.0 Dodging


You had one spell level left.
You didn't know any spells.
Your spell library contained the following spells:

 Spells                   Type           Power      Damage    Failure   Level
 Vhi's Electric Charge    Tloc/Air       0%         N/A       83%         3
 Arcjolt                  Conj/Air       0%         1d10      100%        5
 Maxwell's Capacitive Co  Air            0%         ∞         100%        8


Dungeon Overview and Level Annotations

Branches:
Dungeon (2/15)

Altars:
Wu Jian


Innate Abilities, Weirdness & Mutations

You may rarely emit foul miasma when damaged in melee.


Message History

m - a +0 pair of gloves of hurling You start putting on your armour.
You continue putting on your +0 pair of gloves of hurling. x4
You finish putting on your +0 pair of gloves of hurling.
You feel that your aim is more steady.
There is a stone staircase leading down here.
A gnoll comes into view. It is wielding a +0 spear.
The gnoll shouts!
You hear a shout! x4
A gnoll comes into view.
It is wielding a +0 flail. 2 gnolls come into view.
A gnoll is wielding a +2 vampiric spear.
The gnoll shouts! x3
You lunge at the gnoll.
You closely miss the gnoll. The gnoll hits you with a +0 spear.
A kobold comes into view. It is wielding a +0 short sword.
The kobold shouts!
You slash the gnoll!
The gnoll is severely wounded.
A goblin comes into view. It is wielding a +0 club.
The gnoll hits you with a +0 spear.
You closely miss the gnoll.
The gnoll is severely wounded.
You barely miss the gnoll. The gnoll closely misses you. The gnoll misses you.
The gnoll hits you but does no damage. The gnoll barely misses you.
The gnoll hits you but does no damage.
You slash the gnoll!
The gnoll is heavily wounded.
You barely miss the gnoll. The gnoll barely misses you.
The gnoll closely misses you. The gnoll hits you but does no damage.
You hit the gnoll but do no damage. x2; The gnoll barely misses you. x3
The gnoll hits you from afar with a +2 vampiric spear.
The gnoll hits you from afar with a +0 spear.
The gnoll completely misses you. The gnoll barely misses you.
The gnoll hits you with a +0 flail.
You barely miss the gnoll. You completely miss the gnoll.
The gnoll hits you with a +0 flail.
* * * LOW HITPOINT WARNING * * *
The gnoll completely misses you. The gnoll barely misses you.
The gnoll hits you with a +0 whip!
You die...

#.## #... #..# #..# #gK# #gg#
#g.# ## #g@# # # ... #..# .#.#
....... #..#....#..........
#.......##+##..#....#.........#
#.#.................#.........#
###.#.######.....##.###.........#
....#.........#.......#.........#
...........##.##.##.#.#.........#
....................#.#.........#


You could see 4 gnolls, a goblin and a kobold.

Vanquished Creatures
  An adder (D:2)
  A worm (D:2)
  3 ball pythons
  An endoplasm (D:1)
  4 jackals (D:2)
  A kobold (D:1)
  A quokka (D:2)
  A rat (D:1)
13 creatures vanquished.

Notes
Turn   | Place    | Note
-------+----------+-------------------------------------------
     0 | D:1      | MachoJfn the Demonspawn Gladiator began the quest for the
                  | Orb.
     0 | D:1      | Reached XP level 1. HP: 16/16 MP: 1/1
   591 | D:2      | Found a faded altar of an unknown god.
   599 | D:2      | Prayed at the altar of an unknown god.
   599 | D:2      | Became a worshipper of the Wu Jian Council
   599 | D:2      | Reached * piety under Wu Jian
   673 | D:2      | Gained mutation: You may rarely emit foul miasma when
                  | damaged in melee. [demonic ancestry]
   673 | D:2      | Reached XP level 2. HP: 13/22 MP: 2/2
   886 | D:2      | Slain by a gnoll

Illustrated notes

Levels and vault maps discovered:
D:1:      dpeg_arrival_leaves_temple_mockup, layout_loops_ring,
          chequers_serial_rivers_small_3
D:2:      layout_basic, hellmonk_ecumenical_altar_run_dry

Skill      XL: |  1  2 |
---------------+-------+-----
Throwing       | 2 |  2.0
Dodging        | 3 |  3.0
Axes           | 3 |  3.0
Fighting       | |  2.2
Armour         | |  0.7

Action                     || total
---------------------------++-------
  Melee: War axe           ||    39
         Punch             ||     1
Ability: Lunge             ||     2
    Use: Potion            ||     1
   Stab: Sleeping          ||     1
 Armour: Leather armour    ||    20
         Skin              ||     3
  Dodge: Dodged            ||    41

Table legend: (Time is in decaauts)
 A = Elapsed time spent in this place.
 B = Non-inter-level travel time spent in this place.
 C = Inter-level travel time spent in this place.
 D = Time resting spent in this place.
 E = Time spent auto-exploring this place.
 F = Levels seen in this place.
 G = Mean time per level.
                   A        B        C        D        E       F      G
               +--------+--------+--------+--------+--------+-----+--------+
         Total |    903 |    780 |    123 |     50 |    584 |   2 |  451.5 |
       Dungeon |    903 |    780 |    123 |     50 |    584 |   2 |  451.5 |
               +--------+--------+--------+--------+--------+-----+--------+

Top non-repeatable levels by time:
     D:1: 596 daAuts
     D:2: 306 daAuts
